 Dungeon Crawl Stone Soup version 0.30-a0-777-ga9a30cbeda (webtiles) character file.

Game seed: 12830317651087668760

42 NinjaNoafa the Grasshopper (level 3, 0/31 HPs)
             Began as a Gnoll Warper on Feb 13, 2023.
             Splashed by a jelly's acid (7 damage)
             ... on level 2 of the Dungeon.
             The game lasted 00:03:32 (882 turns).

NinjaNoafa the Grasshopper (Gnoll Warper)            Turns: 882, Time: 00:03:32

Health: 0/31       AC:  0    Str: 10    XL:     3   Next: 54%
Magic:  9/9        EV: 12    Int: 14    God:
Gold:   44         SH:  3    Dex: 11    Spells: 5/12 levels left

rFire   . . .      SeeInvis +    a - +0 mace
rCold   . . .      Faith    .    n - +0 buckler
rNeg    . . .      Spirit   .    b - +0 leather armour
rPois   .          Reflect  .    (no helmet)
rElec   .          Harm     .    (no cloak)
rCorr   .          Rampage  .    (no gloves)
Will    .....                    (no boots)
Stlth   +                        f - amulet of magic regeneration
HPRegen 0.25/turn                g - ring of see invisible
MPRegen 0.51/turn                (no ring)

@: corroded
A: fangs 1, strong nose, distributed training
a: no special abilities


You were on level 2 of the Dungeon.
You visited 1 branch of the dungeon, and saw 2 of its levels.

You collected 44 gold pieces.

Inventory:

Hand Weapons
 a - a +0 mace (weapon)
 l - a +2 dagger of venom
Missiles
 d - 7 boomerangs of dispersal (quivered)
Armour
 b - a +0 leather armour (worn)
 n - a +0 buckler (worn)
Jewellery
 f - an amulet of magic regeneration (around neck)
 g - a ring of see invisible (left hand)
Scrolls
 c - a scroll of blinking
 e - a scroll of teleportation {unknown}
 h - a scroll of magic mapping {unknown}
 k - a scroll of brand weapon {unknown}
Potions
 i - a potion of brilliance {unknown}
 j - a potion of ambrosia {unknown}
 m - a potion of haste {unknown}


   Skills:
 + Level 4.5 Fighting
 + Level 0.9 Short Blades
 + Level 0.9 Long Blades
 + Level 0.9 Axes
 + Level 4.5 Maces & Flails
 + Level 0.9 Polearms
 + Level 0.9 Staves
 + Level 0.9 Ranged Weapons
 + Level 2.6 Throwing
 + Level 2.6 Armour
 + Level 4.5 Dodging
 + Level 0.9 Stealth
 + Level 0.9 Shields
 + Level 0.9 Unarmed Combat
 + Level 5.0 Spellcasting
 + Level 0.6 Conjurations
 + Level 0.6 Hexes
 + Level 0.6 Summonings
 + Level 0.6 Necromancy
 + Level 5.4 Translocations
 + Level 0.6 Transmutations
 + Level 0.6 Fire Magic
 + Level 0.6 Ice Magic
 + Level 0.6 Air Magic
 + Level 0.6 Earth Magic
 + Level 0.6 Poison Magic
 + Level 1.0 Invocations
 + Level 0.9 Evocations


You had 5 spell levels left.
You knew the following spells:

 Your Spells              Type           Power      Damage    Failure   Level
a - Blink                 Tloc           36%        N/A       4%          2
b - Lesser Beckoning      Tloc           36%        N/A       4%          2
c - Teleport Other        Tloc           18%        N/A       10%         3

Your spell library contained the following spells:

 Spells                   Type           Power      Damage    Failure   Level
 Vhi's Electric Charge    Tloc/Air       24%        N/A       26%         3
 Manifold Assault         Tloc           18%        N/A       32%         4
 Ensorcelled Hibernation  Hex/Ice        10%        N/A       36%         2
 Spider Form              Tmut/Pois      5%         N/A       58%         3
 Anguish                  Hex/Necr       2%         N/A       94%         4


Dungeon Overview and Level Annotations

Branches:
Dungeon (2/15)

Altars:


Innate Abilities, Weirdness & Mutations

You have very sharp teeth.
Your uncanny sense of smell can sniff out nearby items.
Your experience applies equally to all skills.


Message History

The ball python attacks as you move away!
The ball python bites you. The ball python barely misses you.
You feel sick.
You kill the adder!
The ball python bites you but does no damage.
The ball python grabs you. The ball python constricts you.
Your Invocations skill increases to level 1!
There is a stone staircase leading down here.
You escape the ball python's grasp.
You feel sick.
You barely miss the ball python.
You feel sick.
The ball python bites you but does no damage.
The ball python barely misses you. The ball python closely misses you.
The ball python grabs you. The ball python constricts you.
You closely miss the ball python. You bite the ball python.
The ball python is severely wounded.
You feel sick.
You are no longer poisoned.
The ball python bites you but does no damage.
The ball python constricts you.
You escape the ball python's grasp.
You block the frilled lizard's attack. The ball python barely misses you.
The ball python grabs you. The ball python constricts you.
You hit the frilled lizard.
You kill the frilled lizard!
The ball python closely misses you. The ball python constricts you.
You escape the ball python's grasp.
Found a stone staircase leading up.
You hit the ball python.
You kill the ball python!
Okay, then.
A jelly comes into view.
Your +2 dagger of venom stops dripping with poison.
a - a +0 mace (weapon)
You thump the jelly!
Your hands burn!
You bite the jelly, but do no damage.
The jelly is heavily wounded.
The jelly hits you.
You are splashed with acid!
* * * LOW HITPOINT WARNING * * *
The jelly hits you.
* * * LOW HITPOINT WARNING * * *
The acid corrodes you!
You are splashed with acid!
You die...

#..†..###.#..
###............
##.............. ##+
##............... #...
#.......##.#.#... ∆
#..# ###.#........##..
#..# #......##...>...
#..##.#.....####.... ∆
#J@.<......####....
#......................
##............####.####
###..........# #..###
#...........# # ...#
...#.........# #.#
#.####.#...#### ####..
#. #..#..# #....#
###.....


You could see a jelly.

Vanquished Creatures
  An adder (D:2)
  2 dart slugs
  A bat (D:1)
  4 endoplasms (D:1)
  4 goblins (D:1)
  5 hobgoblins (D:1)
  2 kobolds
  A quokka (D:1)
  A ball python (D:2)
  2 frilled lizards
  3 rats (D:1)
26 creatures vanquished.

Notes
Turn   | Place    | Note
-------+----------+-------------------------------------------
     0 | D:1      | NinjaNoafa the Gnoll Warper began the quest for the Orb.
     0 | D:1      | Reached XP level 1. HP: 20/20 MP: 6/6
   197 | D:1      | Reached XP level 2. HP: 20/26 MP: 7/7
   416 | D:1      | Learned a level 2 spell: Blink
   419 | D:1      | Learned a level 2 spell: Lesser Beckoning
   663 | D:1      | Reached skill level 5 in Spellcasting
   663 | D:1      | Reached XP level 3. HP: 25/31 MP: 7/9
   670 | D:1      | Learned a level 3 spell: Teleport Other
   863 | D:2      | Reached skill level 1 in Invocations
   882 | D:2      | Splashed by a jelly's acid

Illustrated notes

Levels and vault maps discovered:
D:1:      lordsloth_arrival_two_stooges, layout_basic,
          minmay_misc_feat_diagonals
D:2:      layout_rooms, serial_park_tiny_pond, kennysheep_donut, uniq_natasha,
          uniq_terence

Skill      XL: |  1  2  3 |
---------------+----------+-----
Spellcasting   | 5 |  5.0
Invocations    | 1 |  1.0
Fighting       | |  4.5
Short Blades   | |  0.9
Long Blades    | |  0.9
Axes           | |  0.9
Maces & Flails | |  4.5
Polearms       | |  0.9
Staves         | |  0.9
Ranged Weapons | |  0.9
Throwing       | |  2.6
Armour         | |  2.6
Dodging        | |  4.5
Stealth        | |  0.9
Shields        | |  0.9
Unarmed Combat | |  0.9
Conjurations   | |  0.6
Hexes          | |  0.6
Summonings     | |  0.6
Necromancy     | |  0.6
Translocations | |  5.4
Transmutations | |  0.6
Fire Magic     | |  0.6
Ice Magic      | |  0.6
Air Magic      | |  0.6
Earth Magic    | |  0.6
Poison Magic   | |  0.6
Evocations     | |  0.9

Action                     || total
---------------------------++-------
  Melee: Mace              ||    56
         Punch             ||     1
         Bite              ||     7
         Dagger            ||    21
   Stab: Sleeping          ||     1
 Armour: Leather armour    ||    14
  Dodge: Dodged            ||    48
  Block: Buckler           ||     1

Table legend: (Time is in decaauts)
 A = Elapsed time spent in this place.
 B = Non-inter-level travel time spent in this place.
 C = Inter-level travel time spent in this place.
 D = Time resting spent in this place.
 E = Time spent auto-exploring this place.
 F = Levels seen in this place.
 G = Mean time per level.
                   A        B        C        D        E       F      G
               +--------+--------+--------+--------+--------+-----+--------+
         Total |    890 |    768 |    122 |      0 |     23 |   2 |  445.0 |
       Dungeon |    890 |    768 |    122 |      0 |     23 |   2 |  445.0 |
               +--------+--------+--------+--------+--------+-----+--------+

Top non-repeatable levels by time:
     D:1: 794 daAuts
     D:2: 96 daAuts
